 Dungeon Crawl Stone Soup version 0.29.1-1-gd02db6906a (webtiles) character file.

Game seed: 17543305424785089634

90 101zpm the Firebug (level 4, -2/32 HPs)
             Began as a Gnoll Fire Elementalist on Oct 3, 2022.
             Slain by a gnoll
             ... wielding a +0 spear
              (7 damage)
             ... on level 3 of the Dungeon.
             The game lasted 00:07:43 (1888 turns).

101zpm the Firebug (Gnoll Fire Elementalist)        Turns: 1888, Time: 00:07:45

Health: -2/32      AC:  2    Str:  8    XL:     4   Next: 56%
Magic:  1/11       EV: 13    Int: 16    God:
Gold:   51         SH:  0    Dex: 12    Spells: 7/13 levels left

rFire   . . .      SeeInvis .     - Unarmed
rCold   . . .      Faith    .   (no shield)
rNeg    . . .      Spirit   .   a - +0 robe
rPois   .          Reflect  .   (no helmet)
rElec   .          Harm     .   (no cloak)
rCorr   .          Rampage  .   (no gloves)
Will    .....                   (no boots)
Stlth   ++........              (no amulet)
HPRegen 0.10/turn               (no ring)
MPRegen 0.12/turn               (no ring)

@: no status effects
A: fangs 1, strong nose, distributed training
a: no special abilities


You were on level 3 of the Dungeon.
You visited 1 branch of the dungeon, and saw 4 of its levels.

You collected 51 gold pieces.

Inventory:

Armour
 a - a +0 robe (worn)
Jewellery
 l - a ring of flight
Scrolls
 f - 2 scrolls of amnesia {unknown}
 h - 2 scrolls of teleportation {unknown}
 i - a scroll of identify {unknown}
 j - a scroll of enchant weapon {unknown}
 k - 3 scrolls of fear {unknown}
 m - a scroll of enchant armour {unknown}
Potions
 b - a potion of magic
 c - a potion of curing {unknown}
 d - a potion of attraction {unknown}
 e - 3 potions of lignification {unknown}
 g - a potion of invisibility {unknown}


   Skills:
 + Level 1.2 Fighting
 + Level 1.2 Short Blades
 + Level 1.2 Long Blades
 + Level 1.2 Axes
 + Level 1.2 Maces & Flails
 + Level 1.2 Polearms
 + Level 1.2 Staves
 + Level 1.2 Ranged Weapons
 + Level 1.2 Throwing
 + Level 1.2 Armour
 + Level 4.7 Dodging
 + Level 4.3 Stealth
 + Level 1.2 Shields
 + Level 1.2 Unarmed Combat
 + Level 5.1 Spellcasting
 + Level 2.3 Conjurations
 + Level 1.0 Hexes
 + Level 1.0 Summonings
 + Level 1.0 Necromancy
 + Level 1.0 Translocations
 + Level 1.0 Transmutations
 + Level 5.5 Fire Magic
 + Level 1.0 Ice Magic
 + Level 1.0 Air Magic
 + Level 1.0 Earth Magic
 + Level 1.0 Poison Magic
 + Level 1.3 Invocations
 + Level 1.2 Evocations


You had 7 spell levels left.
You knew the following spells:

 Your Spells              Type           Power      Damage    Failure   Level
a - Foxfire               Conj/Fire      64%        2x1d7     3%          1
b - Scorch                Fire           42%        2d7       2%          2
c - Conjure Flame         Conj/Fire      16%        6-21      9%          3

Your spell library contained the following spells:

 Spells                   Type           Power      Damage    Failure   Level
 Inner Flame              Hex/Fire       14%        N/A       12%         3
 Flame Wave               Conj/Fire      16%        2d7       30%         4


Dungeon Overview and Level Annotations

Branches:
Dungeon (4/15)
 Temple: D:4-7

Altars:
Ashenzari
Cheibriados
Hepliaklqana

Annotations:
D:4 Pikel


Innate Abilities, Weirdness & Mutations

You have very sharp teeth.
Your uncanny sense of smell can sniff out nearby items.
Your experience applies equally to all skills.


Message History

Things that are here:
5 stones; a jackal corpse You see here a +0 sling.
Casting: Foxfire (safe; 3% risk of failure)
Press: ? - help, Q - select action, (/) - cycle Dir - look around, f - activate You conjure some foxfire!
Your foxfire dissipates!
The foxfire hits the gnoll but does no damage.
Things that are here:
a +0 club; 2 poisoned darts; a kobold corpse
Found a stone staircase leading down.
An orc comes into view. It is wielding a +0 war axe.
There is an open door here.
There is a stone staircase leading down here.
You climb downwards.
The lemure shouts! x2; Pikel shouts!
The lemure shouts!
There is a stone staircase leading up here.
The lemure hits you but does no damage.
You climb upwards.
There is a stone staircase leading down here.
The lemure hits you. The lemure completely misses you.
You open the door. The lemure hits you. The gnoll hits you but does no damage.
There is an open door here.
The lemure attacks as you move away! The lemure hits you.
The lemure attacks as you move away! The lemure hits you.
Casting: Foxfire (safe; 3% risk of failure)
Confirm with . or Enter, or press ? or * to list all spells.
Flames lash the lemure.
The lemure is heavily wounded.
The lemure's fire resistance burns away.
The lemure hits you. The gnoll barely misses you.
Casting: Scorch (safe; 2% risk of failure)
Confirm with . or Enter, or press ? or * to list all spells.
Flames lash the lemure.
The lemure is burned terribly!
The lemure is almost dead.
The lemure hits you!
* * * LOW HITPOINT WARNING * * *
The gnoll hits you from afar with a +0 spear!
You die...

########################
......)........(...)g...
########################
#######......
#....##......
#....##......
############....##......
.......@5g.'..>.........
..##########....#......)
... ###'##.......
###.######.##.######
....................
....................
....................
.................w..
....................


You could see a lemure (combustible) and a gnoll.

Vanquished Creatures
  3 gnolls (D:3)
  2 adders (D:3)
  2 dart slugs
  An endoplasm (D:1)
  2 giant cockroaches (D:1)
  7 goblins
  5 hobgoblins (D:1)
  2 jackals (D:3)
  2 quokkas
  A ball python (D:3)
  4 bats
  A frilled lizard (D:1)
  4 kobolds
  4 rats
40 creatures vanquished.

Vanquished Creatures (others)
  147 foxfires
147 creatures vanquished.

Grand Total: 187 creatures vanquished

Notes
Turn   | Place    | Note
-------+----------+-------------------------------------------
     0 | D:1      | 101zpm the Gnoll Fire Elementalist began the quest for the
                  | Orb.
     0 | D:1      | Reached XP level 1. HP: 13/13 MP: 6/6
   299 | D:1      | Reached XP level 2. HP: 19/19 MP: 4/7
   478 | D:1      | Found a faded altar of an unknown god.
   522 | D:1      | Learned a level 2 spell: Scorch
   881 | D:2      | Reached skill level 5 in Spellcasting
   881 | D:2      | Reached XP level 3. HP: 25/25 MP: 5/9
  1040 | D:3      | Found a snail-covered altar of Cheibriados.
  1291 | D:3      | Reached skill level 1 in Invocations
  1299 | D:3      | Reached skill level 1 in Fighting
  1299 | D:3      | Reached skill level 1 in Short Blades
  1299 | D:3      | Reached skill level 1 in Long Blades
  1299 | D:3      | Reached skill level 1 in Axes
  1299 | D:3      | Reached skill level 1 in Maces & Flails
  1299 | D:3      | Reached skill level 1 in Polearms
  1299 | D:3      | Reached skill level 1 in Staves
  1299 | D:3      | Reached skill level 1 in Ranged Weapons
  1299 | D:3      | Reached skill level 1 in Throwing
  1299 | D:3      | Reached skill level 1 in Armour
  1299 | D:3      | Reached skill level 1 in Shields
  1299 | D:3      | Reached skill level 1 in Unarmed Combat
  1299 | D:3      | Reached skill level 1 in Evocations
  1513 | D:3      | Found a hazy altar of Hepliaklqana.
  1513 | D:3      | Found a broken altar of Ashenzari.
  1576 | D:4      | Reached XP level 4. HP: 32/32 MP: 8/11
  1827 | D:3      | Learned a level 3 spell: Conjure Flame
  1835 | D:3      | Reached skill level 1 in Hexes
  1835 | D:3      | Reached skill level 1 in Summonings
  1835 | D:3      | Reached skill level 1 in Necromancy
  1835 | D:3      | Reached skill level 1 in Translocations
  1835 | D:3      | Reached skill level 1 in Transmutations
  1835 | D:3      | Reached skill level 1 in Ice Magic
  1835 | D:3      | Reached skill level 1 in Air Magic
  1835 | D:3      | Reached skill level 1 in Earth Magic
  1835 | D:3      | Reached skill level 1 in Poison Magic
  1876 | D:4      | Noticed Pikel
  1876 | D:4      | Noticed a lemure
  1876 | D:4      | Noticed a lemure
  1876 | D:4      | Noticed a lemure
  1876 | D:4      | Noticed a lemure
  1888 | D:3      | Slain by a gnoll

Illustrated notes

Levels and vault maps discovered:
D:1:      evilmike_arrival_plus, layout_basic, shapermc_ecumenical_altar_ellora,
          due_unseen_surprise
D:2:      layout_loops_corners, basic_altar, nicolae_eternal_life
D:3:      layout_basic, mainiacjoe_overflow_small_starburst,
          gammafunk_temple_overflow_pools, interstate_on_off
D:4:      layout_rooms, grunt_temple_overflow_growth_and_decay,
          gammafunk_ghost_stat_death, lemuel_flame_loot_1, uniq_pikel,
          uniq_eustachio, uniq_edmund

Skill      XL: |  1  2  3  4 |
---------------+-------------+-----
Conjurations   | 2 |  2.3
Spellcasting   | 5 |  5.1
Invocations    | 1 |  1.3
Fighting       | 1 |  1.2
Short Blades   | 1 |  1.2
Long Blades    | 1 |  1.2
Axes           | 1 |  1.2
Maces & Flails | 1 |  1.2
Polearms       | 1 |  1.2
Staves         | 1 |  1.2
Ranged Weapons | 1 |  1.2
Throwing       | 1 |  1.2
Armour         | 1 |  1.2
Shields        | 1 |  1.2
Unarmed Combat | 1 |  1.2
Evocations     | 1 |  1.2
Hexes          | 1 |  1.0
Summonings     | 1 |  1.0
Necromancy     | 1 |  1.0
Translocations | 1 |  1.0
Transmutations | 1 |  1.0
Ice Magic      | 1 |  1.0
Air Magic      | 1 |  1.0
Earth Magic    | 1 |  1.0
Poison Magic   | 1 |  1.0
Dodging        | |  4.7
Stealth        | |  4.3
Fire Magic     | |  5.5

Action                   |  1- 3 |  4- 6 || total
-------------------------+-------+-------++-------
Melee: Unarmed           |     1 |       ||     1
       Bite              |     1 |       ||     1
 Cast: Foxfire           |    85 |    17 ||   102
       Scorch            |     3 |     7 ||    10
Armor: Robe              |       |     2 ||     2
Dodge: Dodged            |     2 |     3 ||     5
